Map: Torches LE

Players

Zeratul - Winner!

  • Race: Terran Terran
  • League: Platinum
  • Spawn Location: 1:00

HandleyHFour

  • Race: Zerg Zerg
  • Spawn Location: 5:00

VOD

Have the link to the VOD?

Description

Time

  • Played on: June 19, 2025, 1:08 a.m.
  • Length: 27:24
Show
View Real Time Build Order
Export as new Build Order

Zeratul Terran - Winner!

Build Orders:  

Get SALT Encoding   

  12  0:01  SCV  
  13  0:13  SCV  
  14  0:29  Supply Depot  
  14  0:46  SCV  
  15  0:54  Barracks  
  15  0:58  SCV  
  15  0:59  Barracks  
  16  1:10  SCV  
  17  1:22  SCV  
  18  1:38  Command Center  
  18  1:45  Marine  
  18  1:46  Marine  
  20  2:02  Marine  
  20  2:04  Marine  
  22  2:20  Marine  
  23  2:31  Supply Depot  
  23  2:43  Command Center  
  23  2:49  Marine x2  
  23  2:50  SCV  
  26  3:00  Refinery x2  
  26  3:01  SCV  
  26  3:02  SCV  
  28  3:08  Refinery  
  28  3:12  Refinery  
  28  3:13  SCV  
  28  3:14  SCV  
  30  3:25  SCV  
  30  3:26  SCV  
  32  3:31  Engineering Bay  
  32  3:37  SCV, Marine  
  32  3:40  Marine  
  35  3:45  SCV  
  36  3:50  SCV  
  37  4:04  Planetary Fortress  
  37  4:12  SCV  
  38  4:22  Planetary Fortress  
  38  4:24  SCV  
  39  4:29  Hi-Sec Auto Tracking  
  39  4:36  SCV  
  40  4:48  SCV  
  40  4:49  SCV  
  42  5:00  SCV  
  42  5:01  SCV  
  44  5:08  Command Center  
  44  5:12  SCV  
  44  5:13  SCV  
  44  5:31  SCV x3  
  47  5:41  Factory  
  47  5:43  SCV x3  
  50  5:55  SCV  
  45  5:58  Planetary Fortress  
  45  6:01  Neosteel Armor  
  44  6:08  SCV  
  45  6:18  Factory  
  45  6:20  SCV  
  46  6:32  SCV x2  
  48  6:36  Factory Tech Lab  
  48  6:44  SCV x2, Starport  
  50  6:47  Starport  
  50  6:49  Starport  
  50  6:51  Starport  
  50  6:53  Planetary Fortress  
  50  6:56  SCV  
  50  7:00  Supply Depot  
  51  7:04  Factory Tech Lab  
  51  7:05  Siege Tank  
  51  7:08  SCV  
  55  7:20  SCV  
  56  7:24  Supply Depot, Liberator x2  
  56  7:27  Liberator  
  56  7:28  Liberator  
  68  7:32  SCV  
  68  7:36  Refinery  
  69  7:37  Siege Tank  
  69  7:39  Refinery, Missile Turret x2  
  69  7:42  SCV  
  73  7:44  SCV  
  73  7:48  Supply Depot  
  74  7:55  SCV  
  74  7:56  SCV  
  74  7:58  Siege Tank  
  79  8:07  SCV  
  79  8:09  Siege Tank, SCV  
  79  8:12  Liberator  
  84  8:13  Liberator  
  84  8:19  SCV  
  91  8:21  SCV  
  91  8:24  Missile Turret  
  92  8:30  Siege Tank  
  92  8:31  SCV  
  92  8:33  SCV  
  97  8:43  SCV  
  97  8:44  Missile Turret  
  97  8:45  SCV  
  97  8:48  Refinery  
  99  8:49  Starport Reactor x2  
  99  8:50  Refinery  
  99  8:55  SCV, Armory  
  100  8:56  Fusion Core  
  100  9:03  Armory  
  100  9:05  Missile Turret  
  100  9:17  Supply Depot  
  100  9:21  Supply Depot x2  
  100  9:22  Starport Reactor x2, Supply Depot  
  100  9:23  Supply Depot  
  100  9:25  Supply Depot  
  100  9:27  Supply Depot  
  100  9:31  Missile Turret  
  100  9:39  SCV x2  
  100  9:41  Supply Depot  
  100  9:44  Missile Turret  
  100  9:45  Terran Ship Weapons Level 1, Missile Turret x2  
  102  9:46  Advanced Ballistics  
  102  9:48  Viking x2  
  102  9:49  Viking  
  102  9:50  Supply Depot  
  102  9:51  SCV x2, Missile Turret  
  110  9:53  Terran Vehicle And Ship Armor Level 1  
  110  10:03  SCV x2, Command Center  
  110  10:06  Missile Turret  
  112  10:15  SCV x2  
  114  10:27  SCV x2  
  116  10:31  Liberator x4  
  128  10:37  Liberator x4  
  128  10:39  SCV  
  128  10:40  SCV  
  142  10:46  Supply Depot  
  142  10:49  Siege Tank x2  
  148  10:52  SCV  
  149  11:08  Supply Depot  
  149  11:13  Liberator  
  152  11:22  Command Center  
  146  11:58  Liberator x3  
  146  11:59  Liberator x3  
  158  12:03  Siege Tank x2  
  158  12:20  Factory  
  158  12:22  Factory  
  158  12:25  Factory  
  158  12:35  Siege Tank x2  
  164  12:46  Missile Turret  
  164  12:47  Missile Turret  
  164  12:56  Liberator  
  164  12:57  Liberator  
  170  13:07  Siege Tank x2  
  170  13:08  Missile Turret  
  166  13:35  Widow Mine x3  
  166  13:39  Siege Tank x2  
  166  13:41  Terran Vehicle Weapons Level 1  
  167  13:43  Terran Ship Weapons Level 2  
  167  13:46  Liberator x3  
  167  13:47  Liberator x2  
  179  13:56  Widow Mine x2  
  172  14:11  Siege Tank  
  155  14:39  Factory Tech Lab x3  
  155  14:46  Missile Turret x2  
  155  14:47  Missile Turret  
  155  14:48  Missile Turret  
  155  14:52  Planetary Fortress  
  155  15:14  Missile Turret  
  155  15:16  Missile Turret  
  155  15:20  Missile Turret  
  155  15:21  Missile Turret  
  155  15:22  Missile Turret  
  155  15:23  Missile Turret  
  155  15:24  Siege Tank x3  
  155  15:28  Missile Turret, Planetary Fortress  
  164  15:32  Refinery x2  
  164  15:36  Hellion x2  
  164  15:39  Terran Vehicle And Ship Armor Level 2  
  168  15:43  Infernal Pre-Igniter  
  168  15:52  Factory  
  168  15:56  Siege Tank x2  
  174  15:57  Hellion x2  
  178  16:15  Refinery  
  178  16:17  Refinery  
  178  16:19  Hellion x2  
  182  16:38  Supply Depot  
  182  16:40  Hellion x2, Supply Depot  
  186  17:01  Hellion x2  
  190  17:23  Hellion x2  
  196  17:44  Hellion x2  
  141  18:38  Factory Reactor  
  141  18:45  Missile Turret  
  141  18:52  Terran Vehicle Weapons Level 2  
  141  18:53  Terran Vehicle And Ship Armor Level 3  
  141  18:59  Hellion  
  141  19:00  Hellion x4  
  151  19:07  Missile Turret  
  151  19:21  Hellion x5  
  161  19:24  Viking x4  
  161  19:25  Viking x4  
  161  19:27  Missile Turret  
  177  19:42  Hellion x2  
  177  19:43  Hellion x3  
  187  19:48  Missile Turret  
  187  19:54  Viking x4  
  195  20:04  Hellion x2  
  199  20:10  Missile Turret  
  199  20:32  Missile Turret  
  199  20:47  Hellion x17  
  197  20:51  Missile Turret  
  155  22:12  Cyclone x5  
  160  22:22  Mag-Field Accelerator  
  152  22:33  Command Center  
  152  22:43  Terran Vehicle Weapons Level 3  
  155  22:44  Cyclone x4  
  155  22:45  Cyclone  
  155  22:50  Hellion x2  
  171  23:04  Command Center  
  171  23:11  Hellion x2  
  175  23:16  Cyclone x4  
  175  23:17  Cyclone  
  190  23:32  Hellion  
  190  23:33  Hellion  
  194  23:47  Orbital Command  
  194  23:48  Cyclone x2  
  200  24:16  Terran Ship Weapons Level 3  
  200  24:17  Orbital Command  
Show
View Real Time Build Order
Export as new Build Order

HandleyHFour Zerg 

Build Orders: Hatch First 

Get SALT Encoding   

  12  0:00  Drone  
  13  0:12  Overlord  
  13  0:24  Drone  
  14  0:30  Drone x2  
  16  0:50  Hatchery  
  16  0:55  Drone  
  17  0:57  Drone  
  17  1:00  Extractor  
  16  1:11  Drone  
  17  1:19  Spawning Pool  
  17  1:23  Drone x2  
  18  1:34  Drone  
  18  1:39  Overlord  
  19  1:53  Drone  
  20  2:01  Drone  
  21  2:04  Drone  
  22  2:11  Queen  
  22  2:13  Queen  
  26  2:16  Drone x2  
  28  2:23  Overlord  
  28  2:39  Metabolic Boost, Evolution Chamber  
  28  2:40  Drone  
  28  2:49  Queen  
  30  2:53  Queen  
  30  2:57  Drone  
  33  3:04  Drone x3  
  36  3:17  Overlord  
  36  3:29  Overlord  
  36  3:30  Overlord  
  36  3:34  Overlord  
  36  3:35  Overlord x2  
  36  3:41  Zergling x6  
  36  3:42  Zergling x2  
  40  3:49  Zergling x2  
  41  3:56  Roach Warren  
  41  3:59  Extractor, Drone  
  40  4:04  Lair  
  40  4:22  Drone x2  
  40  4:23  Drone x3  
  44  4:29  Burrow  
  44  4:34  Drone x4  
  48  4:38  Roach  
  48  4:39  Roach x2  
  54  4:46  Extractor  
  53  4:57  Hatchery  
  52  5:11  Zergling x4  
  52  5:12  Zergling x14  
  60  5:27  Zergling x4  
  61  5:35  Hydralisk Den, Drone  
  61  5:37  Drone  
  60  6:10  Roach x3  
  60  6:11  Hydralisk x4, Roach  
  68  6:17  Hatchery, Drone  
  76  6:22  Grooved Spines  
  76  6:27  Extractor  
  76  6:29  Drone x2  
  76  6:32  Hydralisk  
  79  6:51  Drone x4  
  79  6:53  Overlord x2  
  83  6:55  Overlord x4  
  83  7:04  Infestation Pit  
  82  7:12  Muscular Augments  
  82  7:38  Hydralisk x8  
  82  7:39  Hydralisk  
  100  7:49  Drone x2  
  100  7:51  Queen, Drone x5  
  109  8:03  Drone  
  110  8:10  Extractor  
  110  8:11  Extractor  
  107  8:19  Drone x2  
  109  8:23  Hive  
  109  8:25  Drone x3  
  112  8:58  Overlord x3  
  112  9:01  Hydralisk x3  
  118  9:15  Spire  
  118  9:16  Hydralisk x3  
  123  9:17  Zergling x2  
  123  9:18  Roach x5, Zergling x2  
  135  9:47  Zerg Melee Weapons Level 1  
  133  10:10  Spore Crawler  
  133  10:13  Spore Crawler  
  131  10:15  Spore Crawler  
  130  10:31  Mutalisk  
  130  10:32  Mutalisk x5  
  130  10:33  Corruptor x3  
  148  10:43  Zerg Flyer Weapons Level 1  
  148  10:48  Spire  
  148  10:49  Unknown  
  147  10:52  Overlord  
  147  10:55  Overlord x2  
  147  11:04  Corruptor x2  
  147  11:05  Mutalisk  
  153  11:31  Corruptor x7  
  161  11:41  Zerg Missile Weapons Level 1  
  161  11:46  Mutalisk x2  
  152  11:58  Queen  
  139  12:07  Queen  
  137  12:09  Drone x2  
  137  12:10  Drone x6  
  144  12:21  Drone  
  145  12:26  Drone  
  147  12:30  Drone  
  147  12:40  Drone x3  
  150  12:52  Hatchery  
  150  12:54  Extractor  
  150  12:57  Extractor  
  136  13:28  Mutalisk x3, Corruptor x2  
  136  13:29  Corruptor  
  144  13:38  Drone x2  
  146  13:53  Zergling x2  
  146  13:54  Zergling x16  
  133  14:11  Spore Crawler  
  133  14:14  Spore Crawler  
  59  14:31  Hydralisk x2  
  59  14:32  Mutalisk x2  
  67  14:47  Spore Crawler  
  67  14:50  Spore Crawler  
  67  14:51  Drone x2  
  67  14:52  Spore Crawler x2  
  66  14:56  Queen  
  66  14:59  Drone x3  
  70  15:04  Drone x2  
  70  15:05  Zergling x2, Drone  
  74  15:13  Drone  
  75  15:15  Drone  
  76  15:40  Drone x4  
  76  15:41  Drone x3  
  83  15:44  Overlord  
  83  15:51  Drone  
  83  15:52  Spore Crawler  
  83  15:54  Drone  
  84  16:23  Hydralisk  
  84  16:24  Hydralisk, Corruptor x3  
  94  16:32  Drone x3  
  97  16:46  Mutalisk, Corruptor  
  101  16:50  Hatchery  
  100  17:06  Corruptor x4  
  108  17:26  Drone  
  110  17:30  Drone x7  
  110  17:31  Drone x4  
  120  17:52  Corruptor x5  
  128  18:02  Corruptor x2  
  125  18:13  Queen  
  109  18:23  Corruptor x2  
  109  18:24  Overlord x3  
  109  18:25  Overlord  
  113  18:38  Spore Crawler  
  112  18:48  Overlord x4  
  112  18:49  Overlord x4  
  112  18:55  Spore Crawler  
  112  18:57  Spore Crawler  
  110  19:10  Zergling x12  
  110  19:11  Zergling x2  
  117  19:19  Drone x7  
  117  19:20  Drone x3  
  125  19:58  Hydralisk x7  
  125  19:59  Hydralisk x6  
  146  20:00  Hydralisk x2  
  152  20:14  Overlord x2  
  152  20:15  Overlord x3  
  152  20:17  Spore Crawler  
  152  20:19  Spore Crawler  
  152  20:20  Drone  
  152  20:21  Spore Crawler  
  150  20:26  Hydralisk x2  
  150  20:27  Hydralisk x2  
  158  20:33  Glial Reconstitution  
  158  20:36  Roach  
  136  20:56  Greater Spire  
  100  21:03  Roach x2  
  100  21:04  Zergling x16  
  99  21:05  Zergling x10  
  98  21:31  Greater Spire  
  80  21:34  Roach x3  
  80  21:38  Roach  
  80  21:39  Roach  
  82  21:43  Roach  
  74  21:57  Roach x2  
  74  21:58  Roach x2  
  79  22:41  Drone  
  79  22:42  Drone x2  
  82  22:53  Hatchery  
  81  23:06  Brood Lord x2  
  81  23:07  Brood Lord  
  81  23:08  Hatchery  
  86  23:38  Mutalisk x2  
  86  23:39  Mutalisk  
  92  23:58  Corruptor  
  94  24:05  Drone  
  94  24:08  Drone x3  
  94  24:09  Drone x3  
  101  24:17  Drone  
  92  24:37  Zergling x8  
  92  24:38  Zergling x2  
  81  24:47  Zergling x6  
  81  24:48  Drone  
  69  25:14  Zergling x12  
  69  25:15  Zergling x2  
  69  25:20  Zergling x4  
  71  25:26  Hydralisk  
  73  25:32  Drone x2  
  75  25:41  Roach  
  77  25:57  Drone  
  77  25:58  Drone x4  
  82  26:08  Zergling x6  
  85  26:12  Roach  
  84  26:22  Drone x3  
  84  26:23  Drone  
  81  26:27  Zergling x2  
  81  26:28  Zergling x2  
  81  26:36  Zergling x4  
  81  26:37  Zergling x2  
  77  26:44  Roach  
  69  27:00  Drone  
Tags
 
League
Platinum
Matchup
TvZ
Spawn Locations
Close Positions
Add a new tag
Caveats
  • Supply blocks, unpowered buildings, or Contaminate may cause inaccurate times.
  • Supply counts are checked every 10 seconds.